 Dungeon Crawl Stone Soup version 0.20.1-1-g8b1a95d (webtiles) character file.

18 StormFighter the Chopper (level 2, -2/19 HPs)
             Began as a Gargoyle Berserker on July 13, 2017.
             Was a Follower of Trog.
             Slain by Sigmund
             ... wielding a +0 scythe
              (8 damage)
             ... on level 2 of the Dungeon.
             The game lasted 00:00:49 (771 turns).

StormFighter the Chopper (Gargoyle Berserker)        Turns: 771, Time: 00:00:50

Health: -2/19      AC: 11    Str: 20    XL:     2   Next: 66%
Magic:  2/2        EV:  8    Int:  7    God:    Trog [*.....]
Gold:   114        SH:  0    Dex:  9    Spells: 1/1 levels left

rFire    . . .     SeeInvis .   a - +0 hand axe
rCold    . . .     Gourm    .   (no shield)
rNeg     + . .     Faith    .   e - +0 chain mail
rPois    ∞         Spirit   .   (no helmet)
rElec    +         Reflect  .   (no cloak)
rCorr    .         Harm     .   (no gloves)
MR       .....                  (no boots)
Stlth    ..........             (no amulet)
Regen    0.1/turn               (no ring)
MPRegen  0.1/turn               (no ring)

@: berserk cooldown, slowed, very slow
A: negative energy resistance 1, electricity resistance, unbreathing,
petrification resistance, rot immunity, AC +2
a: Berserk, Burn Spellbooks, Renounce Religion


You were on level 2 of the Dungeon.
You worshipped Trog.
Trog was aware of your devotion.
You were not hungry.

You visited 1 branch of the dungeon, and saw 2 of its levels.

You collected 114 gold pieces.

Inventory:

Hand Weapons
 a - a +0 hand axe (weapon)
Armour
 e - a +0 chain mail (worn)
Scrolls
 d - 2 scrolls of teleportation {unknown}
 g - a scroll of enchant armour {unknown}
 i - a scroll of remove curse {unknown}
 l - 2 scrolls of identify {unknown}
Potions
 b - a potion of heal wounds {unknown}
 h - a potion of berserk rage {unknown}
 j - a potion of curing {unknown}
 m - a potion of mutation {unknown}
Comestibles
 c - 3 bread rations
 f - a meat ration
 k - a royal jelly


   Skills:
 - Level 3.2 Fighting
 + Level 3.5 Axes
 - Level 2.1 Armour
 - Level 1.5 Dodging


You had one spell level left.
You didn't know any spells.

Dungeon Overview and Level Annotations

Branches:
Dungeon (2/15)

Altars:

Annotations:
D:2 Sigmund


Innate Abilities, Weirdness & Mutations

You are resistant to torment.
Your stone body is resilient. (AC +2)
You are immune to poison.
You resist negative energy. (rN+)
You are resistant to electric shocks. (rElec)
You can survive without breathing.
You are immune to petrification.
You are immune to rotting.


Message History

You feel yourself slow down. Sigmund closely misses you.
A goblin and a hobgoblin come into view.
You feel less confused.
The goblin shouts!
The goblin moves out of view.
The hobgoblin barely misses you. The rat bites you but does no damage.
Sigmund gestures wildly while chanting.
Sigmund flickers and vanishes!
Deactivating autopickup; reactivate with Ctrl-A.
Found a stone staircase leading up.
You hit the hobgoblin but do no damage.
Your chain mail prevents you from hitting the rat.
The rat bites you but does no damage.
The hobgoblin hits you but does no damage.
Something hits you. The hobgoblin closely misses you.
The rat bites you but does no damage.
You hit the hobgoblin.
The hobgoblin is heavily wounded.
You closely miss the rat. Something hits you!
You die...

.. .#.............
... #..............
.!.#.$............
##.#..............
.#.....=.!.........
......)............
.........{r........
#.....<$g@.......
...>..#...........#
##$.. #...##g.#..##
#..#.....## #.g....
.$........ ...... #
......### .##.#
..#.... . <..
..#...# . .. #...


You could see 2 hobgoblins, a goblin and a rat.

Vanquished Creatures
  2 dart slugs (D:1)
  A ball python (D:1)
  5 bats (D:1)
  A goblin (D:1)
  A hobgoblin (D:1)
  3 kobolds (D:1)
13 creatures vanquished.

Notes
Turn   | Place    | Note
-------+----------+-------------------------------------------
     0 | D:1      | StormFighter the Gargoyle Berserker began the quest for the Orb.
     0 | D:1      | Reached XP level 1. HP: 14/14 MP: 1/1
   135 | D:1      | Reached XP level 2. HP: 16/19 MP: 2/2
   756 | D:2      | Noticed Sigmund
   771 | D:2      | Slain by Sigmund

Skill      XL: |  1 |
---------------+----+-----
Axes           | 3 |  3.5
Fighting       | |  3.2
Armour         | |  2.1
Dodging        | |  1.5

Action                   || total
-------------------------++-------
Melee: Hand axe          ||    61
Invok: Berserk           ||     1
Armor: Chain mail        ||    54
       Animal skin       ||     1
Dodge: Dodged            ||    36
